 Dungeon Crawl Stone Soup version 0.31-a0-986-g5e6e4ef867 (webtiles) character file.

Game seed: 9367518953529361136

540 Lobster4 the Trooper (level 7, -2/55 HPs)
             Began as a Human Artificer on Nov 24, 2023.
             Slain by a gnoll sergeant
             ... wielding a +0 spear
              (9 damage)
             ... on level 4 of the Dungeon.
             The game lasted 00:15:27 (4313 turns).

Lobster4 the Trooper (Human Artificer)              Turns: 4313, Time: 00:15:28

Health: -2/55      AC:  5    Str: 12    XL:     7   Next: 51%
Magic:  2/8        EV: 10    Int: 14    God:
Gold:   190        SH:  0    Dex: 13    Spells: 6/8 levels left

rFire   . . .        t - +1 scythe (flame)
rCold   . . .        (shield currently unavailable)
rNeg    . . .        w - +0 ring mail
rPois   +            (no helmet)
rElec   .            (no cloak)
rCorr   .            (no gloves)
SInv    .            (no boots)
Will    .....        (no amulet)
Stlth   +            l - ring of wizardry
HPRegen 0.29/turn    n - ring of poison resistance
MPRegen 0.11/turn

%: wizardry (x1)
@: no status effects
A: no striking features
a: no special abilities


You were on level 4 of the Dungeon.
You visited 1 branch of the dungeon, and saw 4 of its levels.

You collected 190 gold pieces.

Inventory:

Hand Weapons
 a - a +0 short sword
 g - a +0 whip
 o - a +0 long sword
 t - a +1 scythe of flaming (weapon)
Missiles
 f - 48 stones
Armour
 b - a +0 leather armour
 c - the +4 ring mail "Diunoptuulu" {Harm rElec Will+++ Slay-3}
   (You found it on level 2 of the Dungeon)

   Slay-3:    It affects your accuracy & damage with ranged weapons and melee
   (-3).
   rElec:     It insulates you from electricity.
   Will+++:   It greatly increases your willpower.
   Harm:      It increases damage dealt and taken.
 w - a +0 ring mail (worn)
Magical Staves
 e - a staff of poison
 q - a staff of fire
 r - a staff of death
Jewellery
 l - a ring of wizardry (left hand)
 n - a ring of poison resistance (right hand)
 B - a ring of see invisible
Talismans
 y - a flux talisman
Wands
 d - a wand of charming (10)
Scrolls
 h - 3 scrolls of amnesia
 k - a scroll of enchant armour {unknown}
 v - a scroll of noise
 x - a scroll of silence {unknown}
Potions
 j - 3 potions of might {unknown}
 m - a potion of ambrosia
 s - 3 potions of curing {unknown}
 u - a potion of magic
 z - a potion of invisibility {unknown}
 A - 2 potions of lignification


   Skills:
 + Level 4.9 Fighting
 - Level 1.0 Short Blades
 + Level 1.2 Polearms
 + Level 2.4 Armour
 - Level 1.0 Dodging
 - Level 1.0 Stealth
 + Level 1.0 Spellcasting
 + Level 1.2 Conjurations
 - Level 3.0 Hexes
 + Level 1.0 Air Magic
 - Level 4.0 Evocations


You had 6 spell levels left.
You knew the following spells:

 Your Spells              Type           Power      Damage    Failure   Level
a - Shock                 Conj/Air       12%        1d3       16%         1
b - Slow                  Hex            36%        N/A       7%          1

Your spell library contained the following spells:

 Spells                   Type           Power      Damage    Failure   Level
 Foxfire                  Conj/Fire      8%         2x1d4     17%         1
 Confusing Touch          Hex            9%         N/A       21%         3
 Sigil of Binding         Hex            9%         N/A       21%         3
 Necrotise                Necr           0%         1d4       22%         1
 Swiftness                Air            3%         N/A       41%         3
 Vampiric Draining        Necr           0%         2d6       52%         3
 Airstrike                Air            1%         2d(1-17)  80%         4
 Agony                    Necr           0%         N/A       99%         5
 Plasma Beam              Fire/Air       1%         2x1d11    100%        6
 Starburst                Conj/Fire      1%         6d3       100%        6


Dungeon Overview and Level Annotations

Branches:
Dungeon (4/15)
 Temple: D:4-7

Altars:


Message History

Press: ? - help, Shift-Dir - straight line The zap hits the gnoll sergeant but does no damage.
The gnoll sergeant is lightly wounded.
The zap hits the gnoll sergeant.
The gnoll sergeant is lightly wounded.
The gnoll sergeant barely misses you.
Casting: Shock (safe; 16% risk of failure)
Confirm with . or Enter, or press ? or * to list all spells.
Aiming: Shock (safe; 16% risk of failure)
Press: ? - help, Shift-Dir - straight line You miscast Shock.
You are very lightly contaminated with residual magic.
Nothing appears to happen.
The gnoll sergeant hits you from afar with a +0 spear!
Casting: Shock (safe; 16% risk of failure)
Confirm with . or Enter, or press ? or * to list all spells.
Aiming: Shock (safe; 16% risk of failure)
Press: ? - help, Shift-Dir - straight line The zap hits the gnoll sergeant.
The gnoll sergeant is moderately wounded.
The zap hits the gnoll sergeant.
The gnoll sergeant is moderately wounded.
The gnoll sergeant hits you from afar with a +0 spear.
The gnoll hits you from afar with a +0 spear.
The gnoll sergeant attacks as it pursues you!
The gnoll sergeant hits you from afar with a +0 spear!
* * * LOW HITPOINT WARNING * * *
The gnoll hits you with a +0 club.
* * * LOW HITPOINT WARNING * * *
Your magical contamination has completely faded away.
The gnoll attacks as it pursues you! The gnoll closely misses you.
The gnoll sergeant attacks as it pursues you!
The gnoll sergeant hits you from afar with a +0 spear.
* * * LOW HITPOINT WARNING * * *
As you read the scroll labelled QAINUN JUIMOASE, it crumbles to dust.
You hear a loud clanging noise!
It was a scroll of noise.
The gnoll hits you with a +0 club.
* * * LOW HITPOINT WARNING * * *
The gnoll sergeant hits you from afar with a +0 spear!
You die...

############## ##########
#............# #........#
############.# ###.######.#
####### #.# #.....)..#.#
#.....# #.# #g#.####.#.#
####.....# #.# #g#g# .#.#
#........# #.# #g#.# g#.#
#........###.###@#.## .#.#
.......>............# .#.#
##.......###.###.#..# .#.#
#........# #.###.#..###.#.#
.........# #.....#......#.#
......############.######.#
..........................#
###'#..........###.########
##.#..###### #.#


You could see a gnoll sergeant and 2 gnolls.

Vanquished Creatures
  Sigmund (D:2)
  An ogre (D:4)
  An orc priest (D:3)
  Natasha (thrice) (D:2 D:1)
  3 adders
  7 gnolls
  A worm (D:1)
  2 dart slugs (D:1)
  14 orcs
  4 ball pythons
  4 endoplasms
  2 giant cockroaches (D:2)
  9 goblins
  4 hobgoblins
  A quokka (D:1)
  5 bats
  2 frilled lizards
  7 kobolds
  5 rats
76 creatures vanquished.

Vanquished Creatures (collateral kills)
  A gnoll (D:2)
  A hobgoblin (D:2)
2 creatures vanquished.

Vanquished Creatures (others)
  A gnoll (D:2)
1 creature vanquished.

Grand Total: 79 creatures vanquished

Notes
Turn   | Place    | Note
-------+----------+-------------------------------------------
     0 | D:1      | Lobster4 the Human Artificer began the quest for the Orb.
     0 | D:1      | Reached XP level 1. HP: 15/15 MP: 1/1
   486 | D:1      | Reached XP level 2. HP: 17/21 MP: 2/2
  1067 | D:2      | Noticed Natasha
  1072 | D:2      | Killed Natasha
  1073 | D:2      | Reached skill level 1 in Short Blades
  1073 | D:2      | Reached XP level 3. HP: 18/27 MP: 3/3
  1158 | D:1      | Learned a level 1 spell: Slow
  1237 | D:2      | Reached XP level 4. HP: 33/33 MP: 4/4
  1245 | D:2      | Noticed Sigmund
  1694 | D:1      | Reached skill level 1 in Hexes
  1725 | D:2      | Noticed Natasha
  1744 | D:2      | Identified the +4 ring mail "Diunoptuulu" {Harm rElec
                  | Will+++ Slay-3}
  1770 | D:2      | Killed Natasha
  1771 | D:2      | Reached XP level 5. HP: 10/40 MP: 5/5
  1911 | D:2      | Noticed Natasha
  2050 | D:2      | Killed Sigmund
  2051 | D:2      | Reached XP level 6. HP: 48/48 MP: 6/6
  2281 | D:1      | Killed Natasha
  2767 | D:2      | Learned a level 1 spell: Shock
  3155 | D:3      | Reached XP level 7. HP: 50/55 MP: 3/7
  3958 | D:4      | Reached skill level 1 in Polearms
  4125 | D:4      | Reached skill level 1 in Spellcasting
  4125 | D:4      | Reached skill level 1 in Conjurations
  4125 | D:4      | Reached skill level 1 in Air Magic
  4313 | D:4      | Slain by a gnoll sergeant

Illustrated notes

Levels and vault maps discovered:
D:1:      dpeg_arrival_more_subterranean_lakeside_camping, layout_loops_corners,
          minivault_14, minivault_19
D:2:      layout_rooms, uniq_natasha, uniq_sigmund
D:3:      corexii_shack_village, layout_rooms
D:4:      layout_basic, gammafunk_temple_overflow_wave, minmay_misc_feat_tower,
          uniq_robin

Skill      XL: |  1  2  3  4  5  6  7 |
---------------+----------------------+-----
Fighting       | 2 4 |  4.9
Short Blades   | 1 |  1.0
Hexes          | 1 3 |  3.0
Evocations     | 4 |  4.0
Polearms       | 1 |  1.2
Spellcasting   | 1 |  1.0
Conjurations   | 1 |  1.2
Air Magic      | 1 |  1.0
Armour         | |  2.4
Dodging        | |  1.0
Stealth        | |  1.0

Action                     |  1- 3 |  4- 6 |  7- 9 || total
---------------------------+-------+-------+-------++-------
  Melee: Whip              |    10 |       |       ||    10
         Short sword       |    86 |    50 |       ||   136
         Punch             |     1 |     2 |       ||     3
         Halberd           |       |    61 |    39 ||   100
  Throw: Stone             |       |     7 |       ||     7
   Cast: Shock             |       |     5 |    36 ||    41
  Evoke: Wand              |     8 |    17 |       ||    25
    Use: Scroll            |       |     1 |     6 ||     7
 Armour: Leather armour    |    62 |    65 |       ||   127
         Ring mail         |       |    36 |    44 ||    80
  Dodge: Dodged            |    70 |    77 |    21 ||   168

Table legend: (Time is in decaauts)
 A = Elapsed time spent in this place.
 B = Non-inter-level travel time spent in this place.
 C = Inter-level travel time spent in this place.
 D = Time resting spent in this place.
 E = Time spent auto-exploring this place.
 F = Levels seen in this place.
 G = Mean time per level.
                   A        B        C        D        E       F      G
               +--------+--------+--------+--------+--------+-----+--------+
         Total |   4400 |   4139 |    261 |   1295 |   1787 |   4 | 1100.0 |
       Dungeon |   4400 |   4139 |    261 |   1295 |   1787 |   4 | 1100.0 |
               +--------+--------+--------+--------+--------+-----+--------+

Top non-repeatable levels by time:
     D:1: 2083 daAuts
     D:2: 878 daAuts
     D:3: 833 daAuts
     D:4: 606 daAuts
